 Dungeon Crawl Stone Soup version bcrawl-1.37.2 (webtiles) character file.

Game seed: 5662911938795900788

138511 Leeroy the Slasher (level 4, -2/33 HPs)
             Began as a Vampire Skald on Jan 31, 2023.
             Slain by a goblin (4 damage)
             ... led by Robin
             ... on level 2 of the Dungeon.
             The game lasted 00:02:02 (1907 turns).

Leeroy the Slasher (Vampire Skald)                  Turns: 1907, Time: 00:02:03

Health: -2/33      AC:  3    Str: 14    XL:     4   Next: 47%
Magic:  7/7        EV: 12    Int: 13    God:
Gold:   140        SH:  1    Dex: 13    Spells: 6/7 levels left

rFire    . . .     GDR:     26% a - +0 long sword
rCold    + . .     SeeInvis +   (no shield)
rNeg     + + .     Gourm    .   b - +0 leather armour
rPois    ∞         Faith    .   g - +0 hat
rElec    +         Spirit   .   (no cloak)
rCorr    .         Reflect  .   (no gloves)
MR       .....                  (no boots)
Stlth    +++.......             d - amulet of magic regeneration
HPRegen  0.07/turn              f - ring of insulation
MPRegen  0.20/turn              (no ring)

@: regenerating slowly
A: claws 1, fangs 3, see invisible, unbreathing
a: no special abilities


You were on level 2 of the Dungeon.
You were near bloodless.

You visited 1 branch of the dungeon, and saw 2 of its levels.

You collected 140 gold pieces.

Inventory:

Hand Weapons
 a - a +0 long sword (weapon)
Armour
 b - a +0 leather armour (worn)
 g - a +0 hat (worn)
 o - a scarf of stasis
Jewellery
 d - an amulet of magic regeneration (around neck)
 f - a ring of insulation (left claw)
Scrolls
 i - 3 scrolls of remove curse {unknown}
 p - 2 scrolls of immolation {unknown}
Potions
 c - a potion of haste {unknown}
 h - 5 potions of lignification {unknown}
 j - 2 potions of resistance {unknown}
 k - a potion of heal wounds {unknown}
 l - 2 potions of agility {unknown}
 m - a potion of cancellation {unknown}
 n - a potion of flight {unknown}
 q - 5 potions of blood


   Skills:
 - Level 1.7 Fighting
 + Level 5.8 Long Blades
 - Level 0.8 Armour
 - Level 2.1 Dodging
 - Level 2.0 Spellcasting
 - Level 3.2 Charms


You had 6 spell levels left.
You knew the following spells:

 Your Spells              Type           Power        Failure   Level  Hunger
a - Infusion              Chrm           #.......     9%          1    None

Your spell library contained the following spells:

 Spells                   Type           Power        Failure   Level  Hunger
 Song of Slaying          Chrm           #.......     12%         2    ##.....
 Swiftness                Chrm/Air       #.......     24%         2    ##.....
 Ozocubu's Armour         Chrm/Ice       #.......     43%         3    ####...
 Regeneration             Chrm/Necr      #.........   43%         3    ####...
 Spectral Weapon          Hex/Chrm       #.......     43%         3    ####...


Dungeon Overview and Level Annotations

Branches:
Dungeon (2/12)

Altars:

Annotations:
D:2 Robin


Innate Abilities, Weirdness & Mutations

You heal slowly.
You are immune to poison.
You have sharp fingernails.
You have razor-sharp teeth.
You have supernaturally acute eyesight. (SInv)
You can survive without breathing.


Message History

The goblin misses you. The hobgoblin hits you with a +0 club.
* * * LOW HITPOINT WARNING * * *
The goblin hits you.
* * * LOW HITPOINT WARNING * * *
You miss the goblin. You bite the goblin.
You kill the goblin!
The goblin closely misses you. The hobgoblin barely misses you.
The goblin hits you.
* * * LOW HITPOINT WARNING * * *
You see here a goblin corpse.
Okay, then.
The goblin no longer looks unusually strong.
You feel almost devoid of blood!
The hobgoblin no longer looks unusually strong.
The hobgoblin no longer looks unusually strong.
Robin says, "A pitiful Vampire like you will never find the ORB!"
Robin roars a battlecry!
The goblins go into a battle-frenzy!
The goblin hits you.
You die...

#...# #......# ##
##..)########......#
#...........#......# ######
#...........#%.....# #....#
#...........#......####....#####
#.....>.....#...................
#...........#......####.>..#####
########...####.#.#.............
##### #@#.#.#.......####
#g#.#.#...........
#g#.#.#.......####
#.#.#.##.###### #g#..........#
#.#..........# #.#..........#
#g#..........# #.#..........#


You could see Robin, 2 hobgoblins and a goblin.

Vanquished Creatures
  A scorpion (D:2)
  An ooze (D:1)
  2 leopard geckos
  A bat (D:1)
  A giant cockroach (D:2)
  5 goblins
  4 hobgoblins
  4 jackals (D:1)
  A ball python (D:1)
  2 frilled lizards
  9 kobolds
  9 rats
40 creatures vanquished.

Notes
Turn   | Place    | Note
-------+----------+-------------------------------------------
     0 | D:1      | Leeroy the Vampire Skald began the quest for the Orb.
     0 | D:1      | Reached XP level 1. HP: 16/16 MP: 3/3
    97 | D:1      | Reached skill level 3 in Long Blades
   144 | D:1      | Reached XP level 2. HP: 21/22 MP: 5/5
   370 | D:1      | Reached skill level 4 in Long Blades
   554 | D:1      | Reached XP level 3. HP: 27/27 MP: 6/6
   985 | D:2      | Noticed a scorpion
  1000 | D:2      | HP: 1/27 [scorpion (7)]
  1241 | D:2      | Killed a scorpion
  1242 | D:2      | Reached skill level 5 in Long Blades
  1242 | D:2      | Reached XP level 4. HP: 7/33 MP: 7/7
  1875 | D:2      | Noticed Robin
  1892 | D:2      | HP: 1/33 [goblin[Robin] (5)]
  1907 | D:2      | Slain by a goblin

Skill      XL: |  1  2  3 |
---------------+----------+-----
Long Blades    | 3 4 5 |  5.8
Fighting       | |  1.7
Armour         | |  0.8
Dodging        | |  2.1
Spellcasting   | |  2.0
Charms         | |  3.2

Action                   |  1- 3 |  4- 6 || total
-------------------------+-------+-------++-------
Melee: Long sword        |    95 |    25 ||   120
       Bite              |     8 |     3 ||    11
  Use: Scroll            |     1 |       ||     1
 Stab: Sleeping          |     4 |     5 ||     9
       Distracted        |     1 |       ||     1
  Eat: Corpse            |     3 |       ||     3
Armor: Leather armour    |    15 |    11 ||    26
Dodge: Dodged            |    57 |    15 ||    72
Block: Other             |     1 |       ||     1
